AoeStats
← weiln

Arena

506843397Analyzed
1v1 RM · 18d ago on Sep 15, 2026· 37m 22s· 2 players
Game mode
Random Map
Map size
Tiny (2 player)
Population
200
Speed
Normal
Resources
Standard
Victory
Conquest
Starting age
Dark Age
Ending age
Imperial Age
RankedLock teamsTeams togetherTeam positionsShared explorationLock speedFull tech treeHidden civsTurbo modeCheats
Victory
Defeat
🇨🇳 Burgundians · China
1138
+16
🇷🇺 Turks · Russia
1142
-16
weiln
4:11 Double-Bit Axe
10:55 Feudal Age
9:23 Horse Collar
15:13 Castle Age
13:57 Bow Saw
14:40 Heavy Plow
17:12 Two-Man Saw
17:36 Loom
21:29 Wheelbarrow
22:37 Hand Cart
23:55 Gold Mining
24:55 Crop Rotation
24:29 Stone Mining
25:15 Gold Shaft Mining
25:21 Gold Shaft Mining
28:45 Imperial Age
26:59 Squires
26:50 Treadmill Crane
27:35 Ballistics
27:23 Scale Mail Armor
27:33 Forging
27:13 Fletching
27:24 Padded Archer Armor
27:17 Elite Skirmisher
28:32 Chain Mail Armor
28:45 Scale Barding Armor
29:55 Iron Casting
29:38 Bodkin Arrow
30:48 Chemistry
30:41 Stone Shaft Mining
30:36 Burgundian Vineyards
30:54 Conscription
31:55 Blast Furnace
32:45 Chain Barding Armor
32:55 Plate Mail Armor
32:28 Bracer
32:38 Town Watch
33:54 Leather Archer Armor
35:53 Arson
tag
10:49 Feudal Age
9:52 Loom
16:13 Castle Age
14:19 Double-Bit Axe
14:57 Horse Collar
17:36 Bow Saw
18:22 Heavy Plow
22:37 Wheelbarrow
30:22 Imperial Age
27:38 Town Watch
28:27 Ballistics
28:02 Stone Mining
28:02 Gold Mining
28:31 Bloodlines
28:22 Husbandry
29:17 Fletching
29:27 Padded Archer Armor
30:10 Thumb Ring
31:08 Bodkin Arrow
31:29 Leather Archer Armor
32:27 Two-Man Saw
31:42 Scale Barding Armor
31:47 Forging
32:20 Hand Cart
32:24 Bracer
34:13 Chain Barding Armor
34:23 Conscription
35:11 Bombard Tower
35:31 Ring Archer Armor
35:36 Iron Casting
36:19 Iron Casting
36:53 Plate Barding Armor
Connection lost

Rejoining the realm…

Still unreachable

The connection could not be restored.

Session expired

The server has moved on; the page needs a fresh start.